 Seeded DCSS version 0.29.1-12-g30fa7ad0bf (webtiles) character file.

Game seed: 16245865983455551772 (custom seed)

1780 hikkokomori the Conjurer (level 9, -3/51 HPs)
             Began as an Octopode Conjurer on Jan 17, 2023.
             Was an Initiate of Gozag.
             Slain by a steam dragon (6 damage)
             ... on level 7 of the Dungeon.
             The game lasted 00:11:13 (7976 turns).

hikkokomori the Conjurer (Octopode Conjurer)        Turns: 7976, Time: 00:11:15

Health: -3/51      AC:  2    Str:  1      XL:     9   Next: 8%
Magic:  14/24      EV: 13    Int: 40 (45) God:    Gozag
Gold:   178        SH:  0    Dex: 11      Spells: 5/17 levels left

rFire   . . .      SeeInvis +   b - +9 staff of Wucad Mu {*channel}
rCold   . . .      Faith    .   (no shield)
rNeg    . . .      Spirit   .   c - +1 hat {Int+3}
rPois   .          Reflect  .   o - amulet of regeneration
rElec   .          Harm     .   k - +6 ring of intelligence
rCorr   .          Rampage  .   l - +6 ring of intelligence
Will    +++..                   x - ring of Obsession {Will+++ MP+9 Str-5 Int+6 SInv}
Stlth   ++++......              (no ring)
HPRegen 0.97/turn               (no ring)
MPRegen 0.19/turn               (no ring)
                                (no ring)
                                (no ring)

@: gold aura, very slightly contaminated
A: almost no armour, amphibious, 8 rings, camouflage 1, gelatinous body 1,
(nimble swimmer 1), tentacles
a: Renounce Religion, Potion Petition, Call Merchant, Bribe Branch


You were on level 7 of the Dungeon.
You worshipped Gozag.
Gozag was aware of your devotion.
You visited 2 branches of the dungeon, and saw 8 of its levels.

You collected 1385 gold pieces.
You spent 1134 gold pieces at shops.
You paid 73 gold pieces to Gozag.

Inventory:

Hand Weapons
 b - the +9 staff of Wucad Mu (weapon) {*channel}
   (You acquired it on level 1 of the Dungeon)

   It occasionally powers its wielder's spells, but with a chance of causing
   confusion or draining the wielder's intelligence.
   It becomes more likely to activate and less likely to backfire with increased
   Evocations skill.
Armour
 c - a +1 hat of intelligence (worn)
Jewellery
 k - a +6 ring of intelligence (left tentacle)
 l - a +6 ring of intelligence (right tentacle)
 o - an amulet of regeneration (around mantle)
 t - a ring of ice
 x - the ring of Obsession (on tentacle) {Will+++ MP+9 Str-5 Int+6 SInv}
   (You bought it in a shop on level 7 of the Dungeon)

   [ring of intelligence]

   Str:       It affects your strength (-5).
   Int:       It affects your intelligence (+6).
   MP:        It affects your magic capacity (+9).
   SInv:      It lets you see invisible.
   Will:      It greatly increases your willpower.
Wands
 m - a wand of roots (14)
 w - a wand of flame (24)
Scrolls
 g - a scroll of amnesia {unknown}
 h - a scroll of enchant weapon {unknown}
 i - 5 scrolls of teleportation
 j - 2 scrolls of summoning
 n - a scroll of noise {unknown}
 p - 2 scrolls of immolation {unknown}
 r - a scroll of silence
 u - a scroll of butterflies {unknown}
 v - 4 scrolls of identify
Potions
 a - a potion of magic
 d - a potion of might
 e - 2 potions of flight
 f - a potion of curing {unknown}
 q - a potion of heal wounds
 s - a potion of brilliance {unknown}


   Skills:
 - Level 2.2 Dodging
 - Level 6.4 Stealth
 + Level 4.5 Spellcasting
 + Level 7.2 Conjurations
 - Level 3.6 Hexes
 + Level 1.5 Fire Magic
 + Level 6.3 Evocations


You had 5 spell levels left.
You knew the following spells:

 Your Spells              Type           Power      Damage    Failure   Level
a - Magic Dart            Conj           100%       1d8       1%          1
b - Searing Ray           Conj           100%       2d8       1%          2
c - Fulminant Prism       Conj/Hex       25%        3d14      3%          4
d - Fireball              Conj/Fire      22%        3d10      14%         5

Your spell library contained the following spells:

 Spells                   Type           Power      Damage    Failure   Level
 Confusing Touch          Hex            38%        N/A       1%          3
 Dazzling Flash           Conj/Hex       100%       N/A       1%          3
 Sting                    Tmut/Pois      36%        1d4       3%          1
 Poisonous Vapours        Pois/Air       18%        N/A       4%          2
 Iskenderun's Mystic Bla  Conj/Tloc      38%        2d9       7%          4
 Olgreb's Toxic Radiance  Pois           9%         N/A       30%         4
 Yara's Violent Unravell  Hex/Tmut       11%        3d6       38%         5
 Starburst                Conj/Fire      22%        6d7       61%         6
 Enfeeble                 Hex            19%        N/A       99%         7
 Ignition                 Fire           10%        3d5       100%        8
 Chain Lightning          Conj/Air       19%        3d25      100%        9
 Fire Storm               Conj/Fire      22%        8d6       100%        9
 Shatter                  Erth           4%         3d8*      100%        9


Dungeon Overview and Level Annotations

Branches:
Dungeon (7/15)             Temple (1/1) D:5

Altars:
Cheibriados
Dithmenos
Elyvilon
Fedhas
Gozag
Makhleb
Sif Muna
Uskayaw
Vehumet
Yredelemnul
Zin

Shops:
D:3 [   D:4 *:[   D:7 =


Innate Abilities, Weirdness & Mutations

You cannot wear most types of armour.
You are amphibious.
You can wear up to eight rings at the same time.
Your skin changes colour to match your surroundings (Stealth+).
Your rubbery body absorbs attacks. (AC +1, EV +1)
((You are camouflaged when in or above water. (Stealth+)))
You have tentacles for arms and can constrict up to eight enemies at once.


Message History

Aiming: Fulminant Prism (dangerous; 3% risk of failure)
Press: ? - help, Dir - move target, p - gnoll You conjure a prism of explosive energy!
Magical energy flows into your mind!
A fulminant prism comes into view.
The gnoll hits you with a +0 spear. The steam dragon closely misses you.
The steam dragon claws you. The steam dragon breathes steam at you.
The ball of steam hits the gnoll!!
The gnoll dies!
The ball of steam hits you!
Your fulminant prism crackles loudly.
Unknown command.
You are engulfed in a cloud of scalding steam.
Your fulminant prism explodes!
The blast of energy engulfs the steam dragon.
The steam dragon is moderately wounded.
You hear a shout!
Casting: Fulminant Prism (dangerous; 3% risk of failure)
Confirm with . or Enter, or press ? or * to list all spells.
The spell is quite dangerous to miscast (14% risk of failure)!
Continue anyway?
Aiming: Fireball (quite dangerous; 14% risk of failure)
Press: ? - help, Shift-Dir - straight line The fireball explodes!
The fireball engulfs the steam dragon!
The steam dragon is heavily wounded.
You are engulfed in a cloud of scalding steam.
The steam dragon barely misses you. The steam dragon claws you.
* * * LOW HITPOINT WARNING * * *
Casting: Fireball (quite dangerous; 14% risk of failure)
Confirm with . or Enter, or press ? or * to list all spells.
The spell is quite dangerous to miscast (14% risk of failure)!
Continue anyway?
Aiming: Fireball (quite dangerous; 14% risk of failure)
Press: ? - help, Shift-Dir - straight line You miscast Fireball.
You are very lightly contaminated with residual magic.
A wave of violent energy washes through your body!
* * * LOW HITPOINT WARNING * * *
The steam dragon bites you.
You die...
Your body crumbles into a pile of gold.

.... ...##### ##
.>.8.. ..
####....##.# # #
...8.>.8..#.## #.
#..$.##.....
###.###8.§§8..#
#.....#..$.§.##
#.....#8§D@8###.
##.....#.........#
....<.....8#####.#
########..## #..#
#..######.
#.........
#..........####.
...............


You could see a steam dragon.

Vanquished Creatures
  Sigmund (D:5)
  A water moccasin (D:6)
  An orc warrior (D:5)
  A black bear (D:5)
  An ogre (D:4)
  A phantom (D:6)
  A centaur (D:5)
  A kobold brigand (D:6)
  2 bullfrogs (D:6)
  A necrophage (D:4)
  4 scorpions
  2 howler monkeys (D:7)
  An orc priest (D:3)
  3 hounds
  An iron imp (D:4)
  Jessica (D:2)
  3 iguanas
  2 orc wizards (D:3)
  Natasha (D:3)
  A hound skeleton (D:4)
  6 gnolls
  5 adders
  A white imp (D:5)
  A dart slug (D:5)
  9 orcs
  6 ball pythons
  8 endoplasms
  A giant cockroach (D:4)
  5 goblins
  8 hobgoblins
  12 kobolds
  4 quokkas
  3 bats
  3 frilled lizards
  7 rats
109 creatures vanquished.

Vanquished Creatures (others)
  A gnoll (D:7)
  14 fulminant prisms
  8 plants
23 creatures vanquished.

Grand Total: 132 creatures vanquished

Notes
Turn   | Place    | Note
-------+----------+-------------------------------------------
     0 | D:1      | hikkokomori the Octopode Conjurer began the quest for the
                  | Orb.
     0 | D:1      | Reached XP level 1. HP: 11/11 MP: 3/3
   226 | D:1      | Identified 3 scrolls of acquirement
   226 | D:1      | Acquired 872 gold pieces
   227 | D:1      | Acquired a +1 hat of intelligence
   228 | D:1      | Acquired the +9 staff of Wucad Mu {*channel}
   228 | D:1      | Found the +9 staff of Wucad Mu {*channel}
   293 | D:1      | Reached XP level 2. HP: 17/17 MP: 0/5
   427 | D:1      | Found a faded altar of an unknown god.
   790 | D:1      | Learned a level 2 spell: Searing Ray
   822 | D:2      | Reached XP level 3. HP: 20/21 MP: 0/6
   948 | D:2      | Noticed Jessica
   953 | D:2      | Killed Jessica
   954 | D:2      | Reached skill level 1 in Evocations
  1848 | D:1      | Reached XP level 4. HP: 27/27 MP: 4/7
  2412 | D:3      | Found Ymmy Ciutu's Antique Armour Shoppe.
  2443 | D:3      | Reached XP level 5. HP: 9/31 MP: 1/8
  2679 | D:3      | Noticed Natasha
  2682 | D:3      | Killed Natasha
  3068 | D:3      | Reached skill level 5 in Stealth
  3068 | D:3      | Reached skill level 5 in Conjurations
  3399 | D:4      | Found Gamycsypi's Antique Armour Boutique.
  3421 | D:4      | Reached XP level 6. HP: 36/36 MP: 6/9
  3445 | D:4      | Found Tuuwolaw's General Store.
  3462 | D:4      | Bought a scroll of identify for 24 gold pieces
  3462 | D:4      | Bought a scroll of identify for 24 gold pieces
  3470 | D:4      | Found a snail-covered altar of Cheibriados.
  3862 | D:4      | Found a burning altar of Makhleb.
  3999 | D:4      | Found a shadowy altar of Dithmenos.
  4094 | D:4      | Found Koenoidu's Book Boutique.
  4131 | D:4      | Reached XP level 7. HP: 10/41 MP: 1/10
  4204 | D:4      | Learned a level 4 spell: Fulminant Prism
  4342 | D:5      | Entered Level 5 of the Dungeon
  4344 | D:5      | Noticed Sigmund
  4346 | D:5      | Killed Sigmund
  4347 | D:5      | Reached skill level 6 in Conjurations
  4347 | D:5      | Reached skill level 1 in Hexes
  4732 | D:5      | Reached XP level 8. HP: 43/46 MP: 5/12
  4927 | D:5      | Found a glowing silver altar of Zin.
  4968 | D:5      | Reached skill level 5 in Evocations
  5364 | D:5      | Found a staircase to the Ecumenical Temple.
  5713 | Temple   | Entered the Ecumenical Temple
  5726 | Temple   | Became a worshipper of Gozag Ym Sagoz the Greedy
  6171 | D:5      | HP: 1/46 [orc warrior/+0 battleaxe (25)]
  7023 | D:6      | Reached skill level 7 in Conjurations
  7034 | D:6      | Acquired a book of Fire
  7042 | D:6      | Learned a level 5 spell: Fireball
  7620 | D:7      | Found Dackej's Jewellery Shoppe.
  7623 | D:7      | Bought the ring of Obsession {Will+++ MP+9 Str-5 Int+6
                  | SInv} for 1086 gold pieces
  7693 | D:7      | Reached skill level 1 in Fire Magic
  7693 | D:7      | Reached XP level 9. HP: 51/51 MP: 12/15
  7976 | D:7      | HP: 2/51 [something (13)]
  7976 | D:7      | Slain by a steam dragon

Illustrated notes

Levels and vault maps discovered:
D:1:      minmay_arrival_hallway, layout_loops_corners, basic_ecumenical_altar,
          minmay_unequal
D:2:      layout_loops_ring, uniq_jessica
D:3:      layout_basic, serial_shops, nicolae_shop_advertising_works
          [nicolae_subvault_shop_adworks], minmay_shallow_snake_nest,
          uniq_natasha
D:4:      layout_rooms, grunt_dithmenos_smoke_and_mirrors,
          makhleb_blood_cavern_becter, slow_altar_1, serial_shops,
          nicolae_square_shop, nicolae_shop_temple_entry_statues_fountains,
          kennysheep_mini_moat, chequers_serial_rivers_large_a,
          minmay_fractal_squares_gapless_5
D:5:      layout_layer_cave, mainiacjoe_overflow_cross_hatched,
          lemuel_temple_firewalk_b, uniq_sigmund
D:6:      layout_basic
D:7:      layout_basic, nicolae_hepliaklqana_hazy_memory, serial_shops,
          nicolae_stop_n_shop_2
Temple:   nicolae_temple_bog_church

Skill      XL: |  1  2  3  4  5  6  7  8 |
---------------+-------------------------+-----
Stealth        | 3 4 5 6 |  6.4
Evocations     | 1 2 3 4 6 |  6.3
Conjurations   | 5 6 7 |  7.2
Hexes          | 2 3 |  3.6
Spellcasting   | 3 4 |  4.5
Fire Magic     | 1 |  1.5
Dodging        | |  2.2

Action                   |  1- 3 |  4- 6 |  7- 9 || total
-------------------------+-------+-------+-------++-------
Melee: Unarmed           |     2 |       |       ||     2
       Constrict         |     1 |     5 |     1 ||     7
       Staff             |       |    23 |    10 ||    33
       Tentacles         |       |     2 |     4 ||     6
       Punch             |       |     1 |       ||     1
 Cast: Magic Dart        |    44 |    83 |    49 ||   176
       Searing Ray       |       |     4 |    11 ||    15
       Fulminant Prism   |       |       |    14 ||    14
       Fireball          |       |       |     4 ||     4
  Use: Scroll            |     3 |     4 |     5 ||    12
       Potion            |       |     1 |     1 ||     2
Armor: Skin              |     1 |     8 |     2 ||    11
Dodge: Dodged            |     2 |    24 |    19 ||    45
